AoeStats
← crtolino93

Black Forest

504249786Analyzed
1v1 RM · 28d ago on Sep 4, 2026· 68m 48s· 2 players
Game mode
Random Map
Map size
Tiny (2 player)
Population
200
Speed
Normal
Resources
Standard
Victory
Conquest
Starting age
Dark Age
Ending age
Imperial Age
RankedLock teamsTeams togetherTeam positionsShared explorationLock speedFull tech treeHidden civsTurbo modeCheats
Victory
Defeat
🇧🇪 Khmer · Belgium
1200
+17
🇸🇮 Franks · Slovenia
1232
-17
Maximus
0:59 Loom
11:16 Feudal Age
16:55 Castle Age
15:16 Double-Bit Axe
15:29 Horse Collar
17:48 Wheelbarrow
23:41 Bow Saw
31:02 Imperial Age
28:26 Fletching
29:10 Bloodlines
29:01 Husbandry
29:06 Scale Mail Armor
29:35 Forging
29:59 Hand Cart
29:30 Town Watch
31:43 Iron Casting
31:24 Chain Mail Armor
31:16 Scale Barding Armor
31:33 Ballistics
31:32 Town Patrol
31:48 Double Crossbow
31:27 Pikeman
32:24 Arson
33:59 Blast Furnace
32:55 Halberdier
34:31 Chain Barding Armor
34:01 Elite Ballista Elephant
34:57 Elite Skirmisher
35:35 Bodkin Arrow
37:26 Chemistry
36:54 Heavy Scorpion
38:00 Bracer
39:27 Plate Barding Armor
42:37 Light Cavalry
44:27 Hussar
47:39 Padded Archer Armor
47:45 Murder Holes
49:49 Elite Battle Elephant
52:23 Tusk Swords
53:41 Conscription
54:44 Capped Ram
67:35 Coinage
crtolino93
0:45 Loom
11:19 Feudal Age
12:47 Double-Bit Axe
17:18 Castle Age
18:51 Wheelbarrow
21:12 Town Watch
22:17 Bow Saw
22:32 Gold Mining
23:37 Stone Mining
26:08 Gold Shaft Mining
26:08 Scale Barding Armor
27:49 Chain Barding Armor
28:29 Forging
28:45 Hand Cart
32:01 Imperial Age
30:01 Husbandry
30:00 Fletching
31:42 Iron Casting
32:22 Ballistics
32:12 Cavalier
33:19 Conscription
33:21 Chivalry
34:47 Plate Barding Armor
35:21 Blast Furnace
35:24 Hoardings
35:14 Masonry
35:47 Bodkin Arrow
37:22 Chemistry
37:05 Architecture
37:39 Paladin
39:40 Padded Archer Armor
41:24 Elite Skirmisher
42:23 Leather Archer Armor
41:45 Light Cavalry
50:27 Pikeman
51:07 Squires
51:54 Onager
59:08 Scale Mail Armor
59:41 Murder Holes
62:31 Chain Mail Armor
Connection lost

Rejoining the realm…

Still unreachable

The connection could not be restored.

Session expired

The server has moved on; the page needs a fresh start.